 Dungeon Sprint DCSS version 0.30.1-6-gbe392663c4 (webtiles) character file.

Game seed: 17736762061307179812

5415 CarvArkoylaein the Severer (level 10, -7/102 HPs)
             Began as a Minotaur Fighter on Sept 21, 2023.
             Was a High Priest of Okawaru.
             Mangled by a demonic crawler (11 damage)
             ... in the Dungeon (Sprint I: "Red Sonja").
             The game lasted 00:10:22 (1213 turns).

CarvArkoylaein the Severer (Minotaur Fighter)       Turns: 1213, Time: 00:10:22

Health: -7/102     AC: 11    Str: 24    XL:     10   Next: 40%
Magic:  9/10       EV: 19    Int:  5    God:    Okawaru [*****.]
Gold:   299        SH: 19    Dex: 11    Spells: 9/9 levels left

rFire   . . .        a - +0 war axe
rCold   . . .        d - +5 Storm Queen's Shield {shock, Fly rElec}
rNeg    . . .        b - +0 scale mail
rPois   .            (helmet restricted)
rElec   +            (no cloak)
rCorr   .            (no gloves)
SInv    .            (no boots)
Will    .....        (no amulet)
Stlth   +            e - +5 ring of evasion
HPRegen 0.37/turn    (no ring)
MPRegen 0.12/turn

%: no teleportation
@: mighty, heroic, flying
A: horns 2, retaliatory headbutt
a: Renounce Religion, Heroism, Finesse


You were in the Dungeon.
You worshipped Okawaru.
Okawaru was extremely pleased with you.
You visited 1 branch You collected 868 gold pieces.
You spent 569 gold pieces at shops.

Inventory:

Hand Weapons
 a - a +0 war axe (weapon)
Armour
 b - a +0 scale mail (worn)
 c - a +0 buckler
 d - the +5 Storm Queen's Shield (worn) {shock, Fly rElec}
   (You bought it in a shop in the Dungeon)

   Shock:     When it blocks an attack, it may electrocute the attacker.
   This works even against foes who are a short distance away.
   rElec:     It insulates you from electricity.
   Fly:       It grants you flight.
Jewellery
 e - a +5 ring of evasion (left hand)
Wands
 i - a wand of charming (2)
 k - a wand of flame (17)
Scrolls
 f - a scroll of identify {unknown}
 g - a scroll of fear {unknown}
 j - a scroll of blinking
Potions
 h - 2 potions of magic
 l - 2 potions of cancellation {unknown}


   Skills:
 + Level 13.6(18.6) Fighting
 + Level 16.6(21.6) Axes
 + Level 14.0(19.0) Armour
 + Level 6.3(11.3) Dodging
 + Level 0.3(5.3) Stealth
 + Level 14.2(19.2) Shields
 + Level 2.6 Invocations
 + Level 2.0 Evocations


You had 9 spell levels left.
You didn't know any spells.
Your spell library was empty.

Dungeon Overview and Level Annotations

Branches:
Dungeon (1/1)

Altars:
Cheibriados
Dithmenos
Elyvilon
Fedhas
Gozag
Hepliaklqana
Kikubaaqudgha
Makhleb
Nemelex Xobeh
Okawaru
Qazlal
Ru
Sif Muna
Trog
Uskayaw
Vehumet
Wu Jian
Xom
Yredelemnul
Zin
The Shining One
Jiyva
Lugonu

Shops:
D *:[


Innate Abilities, Weirdness & Mutations

You have a pair of horns on your head.
You reflexively headbutt those who attack you in melee.


Message History

The demonic crawler hits you! The demonic crawler misses you.
The demonic crawler hits you.
You slash the demonic crawler!
Your headbutt misses the demonic crawler.
The demonic crawler is heavily wounded.
You hit the demonic crawler. You block the demonic crawler's attack.
Your shield discharges, shocking the demonic crawler!
The demonic crawler hits you. You block the demonic crawler's attack.
The demonic crawler misses you. You furiously retaliate!
You headbutt the demonic crawler!
The demonic crawler completely misses you.
The demonic crawler closely misses you.
You slash the demonic crawler!
The demonic crawler is almost dead.
You hit the demonic crawler.
The demonic crawler hits you but does no damage.
The demonic crawler closely misses you. The demonic crawler hits you!
* * * LOW HITPOINT WARNING * * *
The demonic crawler misses you.
The demonic crawler completely misses you.
You block the demonic crawler's attack.
Your shield discharges, shocking the demonic crawler!
You slash the demonic crawler! You headbutt the demonic crawler.
The demonic crawler is almost dead.
You completely miss the demonic crawler.
The demonic crawler completely misses you.
You block the demonic crawler's attack. The demonic crawler hits you!
* * * LOW HITPOINT WARNING * * *
You block the demonic crawler's attack. x2
The demonic crawler hits you but does no damage.
Aiming: Throw Flame
Press: ? - help, Q - select action, (/) - cycle Shift-Dir - straight line, f - demonic crawler
Aim: a demonic crawler (severely wounded, 86% to hit)
The puff of flame hits the demonic crawler but does no damage.
The demonic crawler is severely wounded.
The demonic crawler hits you!
* * * LOW HITPOINT WARNING * * *
The demonic crawler completely misses you.
The demonic crawler hits you!
You die...

##################
.#..'..#__#..')..#
.)..#..'..'..#).s##+#
'#####'#__####..@s..#
.#...#.####).#####..+
##..##.#~§§..#..# ##
_##)#_.§§~§).'.§#
..'..._#§~§§)#..#
_##_.#+##'#####'###
_###'# #...[###.'.#
####.####'###.###.#
..'..)(.....'|∩##.#


You could see 2 demonic crawlers.

Vanquished Creatures
  2 centaur warriors (D)
  Sonja (D)
  A deep troll (D)
  An oklob plant (D)
  2 demonic crawlers (D)
  2 unseen horrors (D)
  2 kobold demonologists (D)
  A hornet (D)
  Sigmund (D)
  A slime creature (D)
  2 redbacks (D)
  A floating eye (D)
  An ogre (D)
  A jelly (D)
  Ijyb (D)
20 creatures vanquished.

Vanquished Creatures (collateral kills)
  A yak (D)
1 creature vanquished.

Grand Total: 21 creatures vanquished

Notes
Turn   | Place    | Note
-------+----------+-------------------------------------------
     0 | D        | CarvArkoylaein the Minotaur Fighter began the quest for the
                  | Orb.
     0 | D        | Reached XP level 1. HP: 19/19 MP: 0/0
     1 | D        | Noticed Ijyb
     6 | D        | Killed Ijyb
     7 | D        | Reached skill level 5 in Fighting
     7 | D        | Reached skill level 3 in Axes
     7 | D        | Reached skill level 5 in Armour
     7 | D        | Reached skill level 5 in Shields
     7 | D        | Reached XP level 2. HP: 29/29 MP: 1/1
    10 | D        | Noticed an ogre
    26 | D        | Noticed Sigmund
    45 | D        | Killed an ogre
    46 | D        | Reached skill level 4 in Axes
    46 | D        | Reached XP level 3. HP: 29/38 MP: 2/2
    46 | D        | Reached XP level 4. HP: 35/45 MP: 3/3
    58 | D        | Found a shimmering blue altar of Sif Muna.
    59 | D        | Found an ornate altar of the Wu Jian Council.
    61 | D        | Found a radiant altar of Vehumet.
    64 | D        | Reached skill level 5 in Axes
    64 | D        | Reached skill level 1 in Dodging
    64 | D        | Reached XP level 5. HP: 45/52 MP: 4/4
    68 | D        | Found Sigaigge's Book Emporium.
    68 | D        | Found an ancient bone altar of Kikubaaqudgha.
    68 | D        | Found a hazy altar of Hepliaklqana.
    68 | D        | Found a stormy altar of Qazlal.
    68 | D        | Found a hide-covered altar of Uskayaw.
    68 | D        | Found a blossoming altar of Fedhas.
    68 | D        | Found a bloodstained altar of Trog.
    68 | D        | Found an iron altar of Okawaru.
    68 | D        | Found a basalt altar of Yredelemnul.
    68 | D        | Found a glowing golden altar of the Shining One.
    68 | D        | Found a snail-covered altar of Cheibriados.
    68 | D        | Found a sacrificial altar of Ru.
    68 | D        | Found a glowing silver altar of Zin.
    68 | D        | Found a shadowy altar of Dithmenos.
    68 | D        | Found a white marble altar of Elyvilon.
    68 | D        | Noticed a yak
    70 | D        | Found an opulent altar of Gozag.
    74 | D        | Killed a yak
    75 | D        | Reached skill level 6 in Axes
    75 | D        | Reached XP level 6. HP: 39/62 MP: 5/5
    90 | D        | Killed Sigmund
    91 | D        | Reached skill level 7 in Axes
    91 | D        | Reached skill level 1 in Evocations
   104 | D        | Found a sparkling altar of Nemelex Xobeh.
   109 | D        | Became a worshipper of Warmaster Okawaru
   119 | D        | Noticed a centaur warrior
   120 | D        | Noticed a centaur warrior
   131 | D        | Killed a centaur warrior
   131 | D        | Reached * piety under Okawaru
   131 | D        | Reached ** piety under Okawaru
   132 | D        | Reached skill level 10 in Fighting
   132 | D        | Reached skill level 9 in Axes
   132 | D        | Reached XP level 7. HP: 21/73 MP: 6/6
   132 | D        | Reached XP level 8. HP: 23/81 MP: 7/7
   135 | D        | Killed a centaur warrior
   135 | D        | Reached *** piety under Okawaru
   136 | D        | Reached skill level 11 in Axes
   364 | D        | Noticed a hornet
   370 | D        | Paralysed by a hornet for 3 turns
   373 | D        | Killed a hornet
   373 | D        | Reached **** piety under Okawaru
   384 | D        | Noticed an oklob plant
   389 | D        | Killed an oklob plant
   390 | D        | Reached skill level 12 in Axes
   390 | D        | Reached XP level 9. HP: 84/90 MP: 4/8
   600 | D        | Reached skill level 13 in Axes
   864 | D        | Killed an unseen horror
   865 | D        | Reached skill level 5 in Dodging
   869 | D        | Killed an unseen horror
   870 | D        | Reached skill level 14 in Axes
   870 | D        | Reached skill level 1 in Invocations
   915 | D        | Noticed a deep troll
   923 | D        | Killed a deep troll
   923 | D        | Reached ***** piety under Okawaru
   930 | D        | Found Zooppim's Armour Emporium.
   938 | D        | Bought the +5 Storm Queen's Shield {shock, Fly rElec} for
                  | 501 gold pieces
   938 | D        | Found the +5 Storm Queen's Shield {shock, Fly rElec}
   957 | D        | Noticed Sonja
   960 | D        | Killed Sonja
   960 | D        | Received a gift from Okawaru
   961 | D        | Reached skill level 15 in Axes
   961 | D        | Reached XP level 10. HP: 85/101 MP: 7/10
  1135 | D        | Found Lupriop's Assorted Antiques.
  1143 | D        | Bought a potion of might for 68 gold pieces
  1165 | D        | Found a burning altar of Makhleb.
  1165 | D        | Found a viscous altar of Jiyva.
  1165 | D        | Found a shimmering altar of Xom.
  1165 | D        | Found a corrupted altar of Lugonu.
  1197 | D        | Reached skill level 16 in Axes
  1199 | D        | Noticed a demonic crawler
  1199 | D        | Noticed a demonic crawler
  1199 | D        | Noticed a demonic crawler
  1199 | D        | Noticed a demonic crawler
  1205 | D        | Killed a demonic crawler
  1208 | D        | Killed a demonic crawler
  1213 | D        | HP: 4/102 [demonic crawler (11)]
  1213 | D        | Mangled by a demonic crawler

Illustrated notes

Levels and vault maps discovered:
D:        dungeon_sprint_1 [red_sonja_temple_1, red_sonja_temple_small_1]

Skill      XL: |  1  2  3  4  5  6  7  8  9 10 |
---------------+-------------------------------+-----
Fighting       | 5 6 7 8 10 12 13 | 13.6
Axes           | 3 4 5 6 9 12 15 16 | 16.6
Armour         | 5 6 7 8 11 12 13 14 | 14.0
Shields        | 5 7 8 11 12 13 14 | 14.2
Dodging        | 1 3 4 5 6 |  6.3
Evocations     | 1 2 |  2.0
Invocations    | 1 2 |  2.6
Stealth        | |  0.3

Action                     |  1- 3 |  4- 6 |  7- 9 | 10-12 || total
---------------------------+-------+-------+-------+-------++-------
  Melee: War axe           |    11 |    19 |    40 |    22 ||    92
         Headbutt          |     3 |     2 |     3 |     8 ||    16
 Invoke: Heroism           |       |       |     5 |     1 ||     6
  Evoke: Wand              |     2 |       |       |     1 ||     3
    Use: Potion            |     3 |     2 |       |     1 ||     6
         Scroll            |       |       |     1 |       ||     1
 Armour: Scale mail        |     3 |    15 |    17 |     7 ||    42
  Dodge: Dodged            |     6 |     9 |    25 |    23 ||    63
  Block: Buckler           |     1 |    10 |    16 |       ||    27
         Kite shield       |       |       |     3 |    31 ||    34
